 Dungeon Crawl Stone Soup version 0.29.1-13-g9f3cf754e1 (webtiles) character file.

Game seed: 1174250088318624918

1127 Nickssm the Shield-Bearer (level 8, -1/67 HPs)
             Began as a Gnoll Fighter on Jan 23, 2023.
             Killed by divine providence
             ... invoked by an orc priest
              (10 damage)
             ... on level 5 of the Dungeon.
             The game lasted 00:17:30 (4176 turns).

Nickssm the Shield-Bearer (Gnoll Fighter)           Turns: 4176, Time: 00:17:31

Health: -1/67      AC: 11    Str: 17    XL:     8   Next: 35%
Magic:  13/13      EV: 27    Int: 12    God:
Gold:   209        SH:  0    Dex: 11    Spells: 13/13 levels left

rFire   . . .      SeeInvis +   v - +3 scythe (vamp)
rCold   . . .      Faith    .   (shield currently unavailable)
rNeg    . . .      Spirit   .   r - +4 leather armour of an ice cave {Int+3}
rPois   .          Reflect  .   l - +0 helmet
rElec   .          Harm     .   (no cloak)
rCorr   .          Rampage  .   t - +1 pair of gloves {hurl}
Will    .....                   (no boots)
Stlth   ++........              q - amulet of the acrobat
HPRegen 0.21/turn               p - ring of see invisible
MPRegen 0.13/turn               (no ring)

@: acrobatic
A: fangs 1, strong nose, distributed training
a: no special abilities


You were on level 5 of the Dungeon.
You visited 1 branch of the dungeon, and saw 5 of its levels.

You collected 209 gold pieces.

Inventory:

Hand Weapons
 a - a +0 war axe
 v - a +3 vampiric scythe (weapon)
Armour
 b - a +0 scale mail
 c - a +0 buckler
 l - a +0 helmet (worn)
 r - the +4 leather armour of an ice cave (worn) {Int+3}
   (You found it on level 3 of the Dungeon)

   Int:       It affects your intelligence (+3).
 s - a +0 pair of gloves
 t - a +1 pair of gloves of hurling (worn)
Jewellery
 p - a ring of see invisible (left hand)
 q - an amulet of the acrobat (around neck)
Wands
 u - a wand of roots (8)
 x - a wand of flame (14)
Scrolls
 e - a scroll of immolation {unknown}
 f - a scroll of fear {unknown}
 g - a scroll of identify
 h - a scroll of vulnerability {unknown}
 j - 2 scrolls of teleportation
 k - 2 scrolls of noise {unknown}
 o - a scroll of enchant armour {unknown}
Potions
 d - a potion of might
 i - a potion of brilliance {unknown}
 m - 2 potions of attraction
 n - 3 potions of curing
 w - a potion of magic {unknown}


   Skills:
 + Level 7.4 Fighting
 + Level 3.3 Short Blades
 + Level 3.3 Long Blades
 + Level 5.7 Axes
 + Level 3.3 Maces & Flails
 + Level 3.3 Polearms
 + Level 3.3 Staves
 + Level 3.3 Ranged Weapons
 + Level 3.3 Throwing
 + Level 7.4 Armour
 + Level 3.3 Dodging
 + Level 3.3 Stealth
 + Level 7.4 Shields
 + Level 3.3 Unarmed Combat
 + Level 3.3 Spellcasting
 + Level 2.7 Conjurations
 + Level 2.7 Hexes
 + Level 2.7 Summonings
 + Level 2.7 Necromancy
 + Level 2.7 Translocations
 + Level 2.7 Transmutations
 + Level 2.7 Fire Magic
 + Level 2.7 Ice Magic
 + Level 2.7 Air Magic
 + Level 2.7 Earth Magic
 + Level 2.7 Poison Magic
 + Level 3.6 Invocations
 + Level 3.3 Evocations


You had 13 spell levels left.
You didn't know any spells.
Your spell library contained the following spells:

 Spells                   Type           Power      Damage    Failure   Level
 Magic Dart               Conj           32%        1d4       9%          1
 Call Imp                 Summ           8%         N/A       14%         2
 Call Canine Familiar     Summ           8%         N/A       26%         3
 Mephitic Cloud           Conj/Pois/Air  8%         N/A       26%         3
 Portal Projectile        Hex/Tloc       16%        N/A       26%         3
 Tukima's Dance           Hex            8%         N/A       26%         3
 Leda's Liquefaction      Hex/Erth       4%         N/A       65%         4
 Blade Hands              Tmut           4%         N/A       94%         5


Dungeon Overview and Level Annotations

Branches:
Dungeon (5/15)             Temple (0/1) D:5

Altars:
Ashenzari
Cheibriados
Elyvilon
Ru
The Shining One


Innate Abilities, Weirdness & Mutations

You have very sharp teeth.
Your uncanny sense of smell can sniff out nearby items.
Your experience applies equally to all skills.


Message History

The orc priest casts a cantrip, but nothing happens.
The orc warrior misses you.
You barely miss the orc priest. Your bite misses the orc priest.
The orc priest barely misses you.
The orc warrior hits you but does no damage.
The orc warrior hits you with a +0 scimitar.
The orc priest hits you but does no damage.
You barely miss the orc priest.
The orc priest mumbles some strange prayers to Beogh against you.
Pain shoots through your body!
The orc warrior hits you with a +0 scimitar.
You closely miss the orc priest.
You bite the orc priest, but do no damage.
The orc priest hits you with a +0 club.
The orc warrior hits you with a +0 scimitar.
You hit the orc priest.
The orc priest is lightly wounded.
The orc priest hits you but does no damage.
The orc warrior hits you but does no damage.
The orc warrior hits you with a +0 scimitar!
The orc priest barely misses you.
You hit the orc priest but do no damage.
The orc priest is lightly wounded.
The orc priest hits you with a +0 club. The orc warrior closely misses you.
You completely miss the orc priest.
The orc priest is lightly wounded.
The orc priest hits you but does no damage.
The orc warrior hits you with a +0 scimitar!
You barely miss the orc priest.
The orc priest is lightly wounded.
The orc priest hits you but does no damage.
The orc warrior hits you with a +0 scimitar!
The orc warrior barely misses you. The orc priest hits you with a +0 club.
* * * LOW HITPOINT WARNING * * *
The orc priest mumbles some strange prayers to Beogh against you.
Beogh smites you!
* * * LOW HITPOINT WARNING * * *
The orc priest calls down the wrath of Beogh upon you.
Beogh smites you!
You die...

#.....o...o...#
##...........##
##........###
#)######## ###
#.o# ...####.#
.....##o#
......#.##
.......@.#
.......#.#
.........##
..........#
..........# #
#.........##
###
##.........#
##..
##........#
##..#
########.####
##..##


You could see an orc warrior and an orc priest.

Vanquished Creatures
  Grinder (D:4)
  Sigmund (D:4)
  A water moccasin (D:5)
  A black bear (D:5)
  An ogre (D:5)
  A phantom (D:5)
  A scorpion (D:5)
  A howler monkey (D:4)
  2 orc priests
  Jessica (D:3)
  An iguana (D:5)
  Ijyb (D:4)
  2 orc wizards
  6 adders
  A white imp (D:5)
  An ufetubus (D:4)
  2 worms
  3 dart slugs
  8 orcs
  11 ball pythons
  8 bats
  3 endoplasms
  3 giant cockroaches
  8 hobgoblins
  3 jackals (D:1)
  3 quokkas
  2 frilled lizards (D:1)
  2 goblins (D:1)
  3 kobolds
  6 rats
88 creatures vanquished.

Notes
Turn   | Place    | Note
-------+----------+-------------------------------------------
     0 | D:1      | Nickssm the Gnoll Fighter began the quest for the Orb.
     0 | D:1      | Reached XP level 1. HP: 23/23 MP: 1/1
    27 | D:1      | Reached XP level 2. HP: 29/29 MP: 2/2
   544 | D:1      | Reached XP level 3. HP: 34/35 MP: 3/3
   967 | D:2      | Reached skill level 1 in Invocations
  1046 | D:2      | Reached skill level 1 in Short Blades
  1046 | D:2      | Reached skill level 1 in Long Blades
  1046 | D:2      | Reached skill level 1 in Maces & Flails
  1046 | D:2      | Reached skill level 1 in Polearms
  1046 | D:2      | Reached skill level 1 in Staves
  1046 | D:2      | Reached skill level 1 in Ranged Weapons
  1046 | D:2      | Reached skill level 1 in Throwing
  1046 | D:2      | Reached skill level 1 in Dodging
  1046 | D:2      | Reached skill level 1 in Stealth
  1046 | D:2      | Reached skill level 1 in Unarmed Combat
  1046 | D:2      | Reached skill level 1 in Spellcasting
  1046 | D:2      | Reached skill level 1 in Evocations
  1366 | D:3      | Reached XP level 4. HP: 41/41 MP: 5/5
  1595 | D:3      | Noticed Jessica
  1607 | D:3      | Killed Jessica
  1608 | D:3      | Reached skill level 1 in Conjurations
  1608 | D:3      | Reached skill level 1 in Hexes
  1608 | D:3      | Reached skill level 1 in Summonings
  1608 | D:3      | Reached skill level 1 in Necromancy
  1608 | D:3      | Reached skill level 1 in Translocations
  1608 | D:3      | Reached skill level 1 in Transmutations
  1608 | D:3      | Reached skill level 1 in Fire Magic
  1608 | D:3      | Reached skill level 1 in Ice Magic
  1608 | D:3      | Reached skill level 1 in Air Magic
  1608 | D:3      | Reached skill level 1 in Earth Magic
  1608 | D:3      | Reached skill level 1 in Poison Magic
  1900 | D:3      | Identified the +4 leather armour of an ice cave {Int+3}
  1939 | D:3      | Found a snail-covered altar of Cheibriados.
  1940 | D:3      | Found a sacrificial altar of Ru.
  1947 | D:3      | Found a white marble altar of Elyvilon.
  1947 | D:3      | Found a broken altar of Ashenzari.
  1955 | D:3      | Found a glowing golden altar of the Shining One.
  2164 | D:4      | Noticed Sigmund
  2229 | D:4      | Reached XP level 5. HP: 36/47 MP: 5/7
  2238 | D:4      | Noticed Ijyb
  2248 | D:4      | Killed Ijyb
  2617 | D:4      | Noticed Grinder
  2624 | D:4      | Reached XP level 6. HP: 36/53 MP: 8/8
  2852 | D:4      | Killed Sigmund
  2853 | D:4      | Reached skill level 5 in Axes
  2932 | D:5      | Entered Level 5 of the Dungeon
  2947 | D:5      | Noticed an orc warrior
  3002 | D:4      | Killed Grinder
  3003 | D:4      | Reached XP level 7. HP: 42/60 MP: 10/10
  3383 | D:5      | Found a staircase to the Ecumenical Temple.
  3424 | D:5      | Reached XP level 8. HP: 31/67 MP: 12/12
  4176 | D:5      | Killed from afar by an orc priest

Illustrated notes

Levels and vault maps discovered:
D:1:      nicolae_arrival_memento_mori, layout_basic
D:2:      layout_rooms
D:3:      layout_loops_corners, grunt_temple_overflow_open, uniq_jessica
D:4:      layout_cave_pools, uniq_sigmund, uniq_ijyb, uniq_grinder
D:5:      layout_cave_pods, minmay_temple_entry_proselytizer

Skill      XL: |  1  2  3  4  5  6  7 |
---------------+----------------------+-----
Invocations    | 1 2 3 |  3.6
Short Blades   | 1 2 3 |  3.3
Long Blades    | 1 2 3 |  3.3
Maces & Flails | 1 2 3 |  3.3
Polearms       | 1 2 3 |  3.3
Staves         | 1 2 3 |  3.3
Ranged Weapons | 1 2 3 |  3.3
Throwing       | 1 2 3 |  3.3
Dodging        | 1 2 3 |  3.3
Stealth        | 1 2 3 |  3.3
Unarmed Combat | 1 2 3 |  3.3
Spellcasting   | 1 2 3 |  3.3
Evocations     | 1 2 3 |  3.3
Conjurations   | 1 2 |  2.7
Hexes          | 1 2 |  2.7
Summonings     | 1 2 |  2.7
Necromancy     | 1 2 |  2.7
Translocations | 1 2 |  2.7
Transmutations | 1 2 |  2.7
Fire Magic     | 1 2 |  2.7
Ice Magic      | 1 2 |  2.7
Air Magic      | 1 2 |  2.7
Earth Magic    | 1 2 |  2.7
Poison Magic   | 1 2 |  2.7
Axes           | 5 |  5.7
Fighting       | 7 |  7.4
Armour         | 7 |  7.4
Shields        | 7 |  7.4

Action                   |  1- 3 |  4- 6 |  7- 9 || total
-------------------------+-------+-------+-------++-------
Melee: War axe           |    98 |    95 |       ||   193
       Bite              |     8 |     8 |     8 ||    24
       Halberd           |       |     9 |    93 ||   102
Evoke: Wand              |       |     1 |     1 ||     2
  Use: Scroll            |       |     2 |     3 ||     5
       Potion            |       |       |     4 ||     4
Armor: Scale mail        |    51 |    11 |       ||    62
       Leather armour    |       |    31 |    40 ||    71
Dodge: Dodged            |    53 |    52 |   101 ||   206
Block: Buckler           |    29 |    34 |       ||    63
